 Dungeon Crawl Stone Soup version 0.13-a0-2979-gb6a86b3 (webtiles) character file.

204 PolkaDot the Sneak (level 4, -2/28 HPs)
             Began as a Vampire Wizard on Sept 7, 2013.
             Killed by nerve-wracking pain
             ... invoked by Grinder
              (7 damage)
             ... on Level 3 of the Dungeon.
             The game lasted 00:07:17 (1694 turns).

PolkaDot the Sneak (Vampire Wizard)                 Turns: 1694, Time: 00:07:17

HP  -2/28        AC  3     Str 11      XL: 4   Next:  4%
MP  21/21        EV 12     Int 21      God:
Gold 134         SH  0     Dex 12      Spells:  3 memorised,  2 levels left

Res.Fire  : + . .   See Invis. : +   i - +0 dagger (venom)
Res.Cold  : + . .   Warding    : .   a - +0 robe
Life Prot.: . . .   Conserve   : .   (no shield)
Res.Poison: +       Res.Corr.  : .   b - +0 wizard hat
Res.Elec. : +       Clarity    : .   g - +0 elf cloak
Sust.Abil.: . .     Spirit.Shd : .   (no gloves)
Res.Mut.  : .       Stasis     : .   (no boots)
Res.Rott. : .       Flight     : +   (no amulet)
Saprovore : . . .                    u - ring of magical power
                                     m - ring of sustenance

@: regenerating quickly, mighty, flying, slightly resistant to hostile
enchantments, quite stealthy
A: fangs 3, see invisible, unbreathing
a: no special abilities


You were on level 3 of the Dungeon.
You were very full.

You visited 1 branch of the dungeon, and saw 3 of its levels.

You collected 114 gold pieces.

Inventory:

Hand weapons
 i - a +0,+0 dagger of venom (weapon)
 j - a +2,+0 elven spear (quivered)
Armour
 a - a +0 robe (worn)
 b - a +0 wizard hat (worn)
 g - a +0 elven cloak (worn)
Scrolls
 e - 2 scrolls of fog {unknown}
 h - 4 scrolls of identify {unknown}
 k - 2 scrolls of remove curse {unknown}
 l - a scroll of noise {unknown}
 o - a scroll of enchant armour {unknown}
 r - a scroll of curse jewellery {unknown}
 s - a scroll of teleportation {unknown}
 t - a scroll of random uselessness {unknown}
 v - a scroll of blinking {unknown}
 w - a scroll of amnesia {unknown}
 y - 2 scrolls of magic mapping {unknown}
Jewellery
 m - a ring of sustenance (left hand)
 u - a ring of magical power (right hand)
 x - a cursed +3 ring of dexterity {unknown}
Potions
 d - a potion of blood
Books
 c - a book of Minor Magic

   Spells                             Type                      Level
   *Magic Dart                        Conjuration                  1
   Blink                              Translocation                2
   Call Imp                           Summoning                    2
   Repel Missiles                     Charms/Air                   2
   Slow                               Hexes                        2
   *Conjure Flame                     Conjuration/Fire             3
   *Mephitic Cloud                    Conjuration/Poison/Air       3


   Skills:
 - Level 2.1 Dodging
 - Level 3.0 Stealth
 - Level 3.0 Spellcasting
 * Level 2.9 Conjurations
   Level 1.0 Summonings
   Level 0.7 Translocations


You had 2 spell levels left.
You knew the following spells:

 Your Spells              Type           Power        Failure   Level  Hunger
a - Magic Dart            Conj           ###.         4%          1    None
d - Mephitic Cloud        Conj/Pois/Air  #.......     30%         3    ###....
s - Conjure Flame         Conj/Fire      #.......     24%         3    ###....


Dungeon Overview and Level Annotations

Branches:
Dungeon (3/27)

Altars:

Annotations:
D:3 Grinder


Innate Abilities, Weirdness & Mutations

Your natural rate of healing is unusually fast.
You have razor-sharp teeth.*
You have supernaturally acute eyesight.
You can survive without breathing.*


Message History

Grinder gestures at you. You resist. Grinder hits you.
You writhe in agony.
Grinder zaps a wand.
The magic dart hits you!
* * * LOW HITPOINT WARNING * * *
Grinder zaps a wand.
The magic dart hits you!
* * * LOW HITPOINT WARNING * * *
Grinder hits you but does no damage.
You can move again.
Read which item? (? for menu, Esc to quit)
Okay, then.
Drink which item? (? for menu, Esc to quit)
Okay, then.
Grinder gestures at you. You resist. Grinder gestures at you. You resist.
Grinder gestures at you. Pain shoots through your body!
You die...

.. ..# .. #.#....# .##+##.# .#
#.#....# .#...#.# #.# #......#
.+.<.'.#####.# ###.####
.#...#.....#.# #.#########
.##'##.......#########5#.......#
........##......##.#.l.....###.#
......####......#.#...5.....##.##
#####...........@..#.#...........
#######.....####.##..#..##...
#.....# #.##......%...
#.....####.......###...
##.........##..###.%...
#.##+##.#.........##'# #.#
##........#... #.+ #.....##.'...
#.# #.....##.#...


You could see Grinder and a giant newt.

Vanquished Creatures
  Ijyb (D:2)
  An adder (D:2)
  2 giant geckos (D:2)
  A bat (D:3)
  2 giant cockroaches (D:3)
  6 hobgoblins
  5 jackals
  3 giant newts
  6 goblins
  9 kobolds
  7 rats
43 creatures vanquished.

Notes
Turn   | Place    | Note
--------------------------------------------------------------
     0 | D:1      | PolkaDot, the Vampire Wizard, began the quest for the Orb.
     0 | D:1      | Reached XP level 1. HP: 11/11 MP: 6/6
    80 | D:1      | Reached skill level 1 in Conjurations
   342 | D:1      | Reached XP level 2. HP: 15/17 MP: 8/8
   995 | D:2      | Noticed Ijyb
  1013 | D:2      | Killed Ijyb
  1013 | D:2      | Reached XP level 3. HP: 16/22 MP: 1/10
  1024 | D:2      | Learned a level 3 spell: Conjure Flame
  1028 | D:2      | Learned a level 3 spell: Mephitic Cloud
  1636 | D:3      | Reached XP level 4. HP: 21/28 MP: 12/12
  1663 | D:3      | Noticed Grinder
  1669 | D:3      | Paralysed by Grinder for 4 turns
  1682 | D:3      | Paralysed by Grinder for 6 turns
  1694 | D:3      | Killed from afar by Grinder

Action                   |  1- 3 |  4- 6 || total
-------------------------+-------+-------++-------
Melee: Unarmed           |     6 |       ||     6
       Club              |     1 |       ||     1
       Dagger            |    73 |     7 ||    80
 Cast: Magic Dart        |    69 |       ||    69
       Mephitic Cloud    |       |     1 ||     1
  Use: Potion            |       |     5 ||     5
 Stab: Sleeping          |     4 |     1 ||     5
